 Dungeon Crawl Stone Soup version 0.23-a0-315-ga85b81c (webtiles) character file.

527 Garbasso the Cudgeler (level 7, -18/44 HPs)
             Began as a Gargoyle Fighter on Oct 13, 2018.
             Killed from afar by Ijyb (20 damage)
             ... with a wand of acid (6)
             ... on level 3 of the Dungeon.
             The game lasted 00:09:48 (3378 turns).

Garbasso the Cudgeler (Gargoyle Fighter)            Turns: 3378, Time: 00:09:48

Health: -18/44     AC:  7    Str: 19    XL:     7   Next: 23%
Magic:  7/7        EV: 12    Int: 11    God:
Gold:   111        SH: 10    Dex: 14    Spells: 6/6 levels left

rFire    . . .     SeeInvis .   a - +0 flail
rCold    . . .     Gourm    .   c - +0 shield
rNeg     + . .     Faith    .   m - +1 scale mail {MR+}
rPois    ∞         Spirit   .   b - +0 helmet
rElec    +         Reflect  .   (no cloak)
rCorr    .         Harm     .   (no gloves)
MR       +....                  o - +0 pair of boots
Stlth    +.........             (no amulet)
HPRegen  0.14/turn              r - ring of flight
MPRegen  0.10/turn              (no ring)

@: agile, corroded
A: negative energy resistance 1, electricity resistance, unbreathing,
petrification resistance, rot immunity, AC +4
a: Evoke Flight


You were on level 3 of the Dungeon.
You were not hungry.

You visited 1 branch of the dungeon, and saw 4 of its levels.

You collected 111 gold pieces.

Inventory:

Hand Weapons
 a - a +0 flail (weapon)
Missiles
 h - 126 stones (quivered)
Armour
 b - a +0 helmet (worn)
 c - a +0 shield (worn)
 m - a +1 scale mail of magic resistance (worn)
 o - a +0 pair of boots (worn)
Jewellery
 r - a ring of flight (left hand)
Scrolls
 e - a scroll of magic mapping
 g - 2 scrolls of remove curse
 j - a scroll of enchant armour {unknown}
 p - a scroll of identify
 s - a scroll of random uselessness {unknown}
Potions
 d - a potion of berserk rage {unknown}
 i - a potion of heal wounds {unknown}
 k - 2 potions of agility
 l - a potion of lignification {unknown}
 n - a potion of resistance {unknown}
Comestibles
 f - 14 rations


   Skills:
 + Level 4.9 Fighting
 * Level 5.0 Maces & Flails
 + Level 4.8 Armour
 + Level 4.9 Shields


You had 6 spell levels left.
You didn't know any spells.
Your spell library contained the following spells:

 Spells                   Type           Power        Failure   Level  Hunger
 Animate Skeleton         Necr           N/A          98%         1    ##.....
 Apportation              Tloc           #.....       98%         1    ##.....
 Confusing Touch          Hex            #.....       98%         1    ##.....
 Magic Dart               Conj           #...         98%         1    ##.....
 Summon Small Mammal      Summ           #...         98%         1    ##.....
 Blink                    Tloc           N/A          99%         2    ###....
 Call Imp                 Summ           #.......     99%         2    ###....
 Slow                     Hex            #.......     99%         2    ###....
 Conjure Flame            Conj/Fire      #.......     100%        3    ####...
 Mephitic Cloud           Conj/Pois/Air  #.......     100%        3    ####...


Dungeon Overview and Level Annotations

Branches:
Dungeon (4/15)
 Temple: D:4-7

Altars:
Nemelex Xobeh

Annotations:
D:3 Ijyb


Innate Abilities, Weirdness & Mutations

You are resistant to torment.
Your stone body is resilient. (AC +4)
You are immune to poison.
You resist negative energy. (rN+)
You are resistant to electric shocks. (rElec)
You can survive without breathing.
You are immune to petrification.
You are immune to rotting.


Message History

Ijyb screams, "Me kill you!" Ijyb hits you but does no damage.
You feel agile all of a sudden.
Ijyb zaps a wand.
The bolt of acid hits you!
* * * LOW HITPOINT WARNING * * *
The acid corrodes you!
You are splashed with acid!
The acid burns!
* * * LOW HITPOINT WARNING * * *
Your shield and scale mail prevent you from hitting Ijyb.
Ijyb is moderately wounded.
Ijyb closely misses you.
You closely miss Ijyb.
Ijyb is moderately wounded.
Ijyb zaps a wand.
The bolt of acid misses you.
You barely miss Ijyb.
Ijyb is moderately wounded.
Ijyb hits you but does no damage. Ijyb misses you.
You hit Ijyb but do no damage.
Ijyb is moderately wounded.
Ijyb zaps a wand.
The bolt of acid hits you!
You die...

###############.#
#...............#
#.#############.#
#.# #.# #.# #.#
#.# ##### #.# #.#
#...# #.#
#########.# #.g.#
#.# ###
........#'##
#@[.# #.# #.#
#######....#
###...####.# #.#
...##.#....#
#.......##.# #.#
##.##.#....#
#.......##.# #.#
#......#.##
#.......'..# #.#
#######.#.#
#.......#### #.#
........#.#
###)##### #.#
.######.#.#
###.######## #.#
.+........#
#..........# #.#


You could see Ijyb.

Vanquished Creatures
  Sigmund (D:3)
  Blork the orc (D:3)
  A bullfrog skeleton (D:4)
  Natasha (thrice) (D:3)
  A worker ant (D:3)
  Robin (D:4)
  6 adders
  5 oozes (D:1)
  A worm (D:3)
  3 dart slugs
  2 orcs (D:3)
  2 bats
  11 giant cockroaches
  13 goblins
  6 hobgoblins
  7 jackals
  5 kobolds
  A ball python (D:1)
  8 frilled lizards
  10 rats
88 creatures vanquished.

Notes
Turn   | Place    | Note
-------+----------+-------------------------------------------
     0 | D:1      | Garbasso the Gargoyle Fighter began the quest for the Orb.
     0 | D:1      | Reached XP level 1. HP: 14/14 MP: 1/1
     1 | D:1      | Found a runed door.
   149 | D:1      | Reached XP level 2. HP: 18/19 MP: 2/2
   834 | D:2      | Reached XP level 3. HP: 21/23 MP: 3/3
  1162 | D:2      | Found a sparkling altar of Nemelex Xobeh.
  1257 | D:2      | Reached skill level 3 in Maces & Flails
  1257 | D:2      | Reached XP level 4. HP: 29/29 MP: 4/4
  1916 | D:3      | Noticed Natasha
  1930 | D:3      | Killed Natasha
  2186 | D:3      | Reached XP level 5. HP: 29/33 MP: 5/5
  2289 | D:3      | Noticed Sigmund
  2301 | D:3      | Killed Sigmund
  2301 | D:3      | Reached skill level 4 in Maces & Flails
  2301 | D:3      | Reached XP level 6. HP: 39/39 MP: 6/6
  2431 | D:3      | Noticed Natasha
  2441 | D:3      | Killed Natasha
  3060 | D:4      | Noticed Robin
  3153 | D:4      | Killed Robin
  3178 | D:4      | Noticed Blork the orc
  3188 | D:4      | Reached XP level 7. HP: 39/44 MP: 7/7
  3210 | D:3      | Killed Blork the orc
  3210 | D:3      | Reached skill level 5 in Maces & Flails
  3293 | D:3      | Noticed Natasha
  3299 | D:3      | Killed Natasha
  3358 | D:4      | Noticed Ijyb
  3374 | D:3      | HP: 2/44 [acid (10)]
  3378 | D:3      | Killed from afar by Ijyb

Vault maps used:
D:1:      dpeg_arrival_caged_fury, chequers_serial_rivers_micro_c,
          minmay_misc_feat_square
D:2:      lemuel_doored_altar
D:3:      st_stairs_1, uniq_sigmund, uniq_natasha
D:4:      first_ration, gammafunk_ghost_cemetery, uniq_ijyb, uniq_edmund,
          uniq_menkaure, uniq_blork_the_orc, uniq_robin

Skill      XL: |  1  2  3  4  5  6  7 |
---------------+----------------------+-----
Maces & Flails | 3 4 5 |  5.0
Shields        | 4 |  4.9
Fighting       | 4 |  4.9
Armour         | 4 |  4.8

Action                   |  1- 3 |  4- 6 |  7- 9 || total
-------------------------+-------+-------+-------++-------
Melee: Flail             |   122 |   215 |    27 ||   364
Throw: Stone             |     2 |    15 |     5 ||    22
  Use: Potion            |       |     2 |     1 ||     3
       Scroll            |       |     3 |       ||     3
  Eat: Chunk             |     1 |     4 |       ||     5
       Ration            |       |     1 |       ||     1
Armor: Scale mail        |    66 |   155 |    10 ||   231
Dodge: Dodged            |    41 |   126 |     7 ||   174
Block: Shield            |    65 |   151 |    11 ||   227

Table legend:
 A = Non-vault XP
 B = Vault XP
 C = Vault XP percentage of total XP
 D = Non-vault monster count
 E = Vault monster count
 F = Vault count percentage of total count
                 A         B        C        D         E       F
            +---------+---------+-------+---------+---------+-------
      Total |     300 |     454 |  60.2 |      51 |      37 |  42.0
            +---------+---------+-------+---------+---------+-------
        D:1 |      25 |      61 |  70.9 |      17 |      20 |  54.1
        D:2 |      77 |       0 |   0.0 |      16 |       0 |   0.0
        D:3 |     152 |     361 |  70.4 |      16 |       7 |  30.4
        D:4 |      46 |      32 |  41.0 |       2 |      10 |  83.3
            +---------+---------+-------+---------+---------+-------
